Map: King Sejong Station LE

Players

Gracz

  • Race: Protoss Protoss
  • League: Silver

Argons - Winner!

  • Race: Zerg Zerg
  • League: Silver

VOD

Have the link to the VOD?

Description

Time

  • Played on: Oct. 22, 2016, 9:29 a.m.
  • Length: 17:36
Show
View Real Time Build Order
Export as new Build Order

Gracz Protoss 

Build Orders:  

Get SALT Encoding   

  12  0:01  Probe (Chrono Boost)  
  13  0:15  Pylon  
  13  0:23  Probe (Chrono Boost)  
  14  0:36  Probe (Chrono Boost)  
  14  0:41  Assimilator, Gateway  
  15  0:50  Probe (Chrono Boost)  
  16  0:59  Pylon  
  16  1:00  Probe (Chrono Boost)  
  17  1:13  Probe (Chrono Boost)  
  18  1:19  Assimilator  
  18  1:23  Probe (Chrono Boost)  
  19  1:33  Pylon  
  19  1:35  Cybernetics Core  
  19  1:41  Probe (Chrono Boost)  
  20  1:51  Probe (Chrono Boost)  
  21  2:05  Warp Gate  
  21  2:07  Unknown, Nexus  
  21  2:32  Pylon  
  21  2:40  Probe (Chrono Boost)  
  23  2:53  Stargate, Probe (Chrono Boost)  
  23  3:05  Stalker  
  23  3:09  Gateway  
  25  3:18  Unknown, Probe (Chrono Boost)  
  25  3:19  Probe (Chrono Boost)  
  27  3:30  Mothership Core (Chrono Boost), Probe (Chrono Boost)  
  31  3:42  Probe (Chrono Boost)  
  31  3:48  Probe (Chrono Boost)  
  31  3:52  Protoss Air Weapons Level 1  
  31  3:54  Probe (Chrono Boost)  
  33  3:59  Probe (Chrono Boost)  
  34  4:06  Probe (Chrono Boost)  
  34  4:09  Probe (Chrono Boost)  
  36  4:13  Assimilator  
  37  4:18  Probe (Chrono Boost)  
  37  4:20  Probe (Chrono Boost)  
  38  4:30  Probe (Chrono Boost)  
  39  4:32  Gateway  
  39  4:33  Probe (Chrono Boost)  
  40  4:42  Stargate, Probe (Chrono Boost)  
  40  4:45  Stargate  
  41  4:46  Fleet Beacon  
  41  4:50  Probe (Chrono Boost)  
  41  4:51  Assimilator  
  42  4:54  Probe (Chrono Boost)  
  42  4:56  Stalker  
  42  4:57  Stalker  
  47  5:10  Gateway  
  47  5:21  Probe (Chrono Boost)  
  47  5:23  Probe (Chrono Boost)  
  49  5:32  Probe (Chrono Boost)  
  49  5:35  Probe (Chrono Boost)  
  51  5:38  Stalker x2  
  55  5:47  Probe (Chrono Boost)  
  55  5:48  Probe (Chrono Boost)  
  57  5:50  Tempest  
  61  5:57  Pylon  
  61  6:01  Pylon  
  61  6:10  Tempest  
  61  6:18  Tempest  
  69  6:27  Tempest  
  69  6:35  Protoss Air Armor Level 1  
  73  6:53  Tempest  
  77  7:14  Pylon  
  77  7:17  Pylon  
  77  7:26  Tempest  
  77  7:27  Pylon  
  77  7:32  Tempest  
  85  7:42  Tempest  
  89  8:08  Pylon  
  89  8:12  Tempest, Pylon  
  93  8:25  Tempest  
  97  8:44  Tempest  
  101  9:09  Tempest  
  105  9:27  Tempest  
  89  9:57  Void Ray  
  85  10:03  Void Ray  
  85  10:04  Void Ray  
  81  10:08  Unknown, Nexus  
  81  10:11  Assimilator  
  81  10:15  Assimilator  
  73  10:32  Gateway  
  73  10:35  Gateway  
  73  10:37  Gateway  
  73  10:38  Gateway  
  73  10:45  Probe x2 (Chrono Boost)  
  75  10:50  Carrier  
  75  10:53  Void Ray  
  80  10:57  Probe x2 (Chrono Boost), Void Ray  
  91  11:19  Forge x2  
  91  11:20  Unknown  
  91  11:22  Gateway  
  91  11:23  Gateway  
  91  11:27  Gateway x2  
  91  11:36  Robotics Facility  
  91  11:38  Robotics Facility  
  91  11:39  Probe (Chrono Boost)  
  94  11:40  Robotics Facility, Probe x2 (Chrono Boost)  
  94  11:43  Tempest  
  94  11:48  Void Ray  
  94  11:52  Probe (Chrono Boost)  
  103  12:00  Protoss Ground Weapons Level 1  
  103  12:01  Protoss Ground Armor Level 1  
  105  12:09  Probe x2 (Chrono Boost)  
  105  12:19  Tempest  
  105  12:29  Void Ray  
  109  12:30  Void Ray  
  117  12:56  Void Ray  
  101  13:06  Void Ray  
  84  13:35  Stalker  
  84  13:36  Stalker x2  
  84  13:37  Stalker x2  
  84  13:38  Stalker  
  51  14:30  Unknown, Nexus  
  45  14:54  Carrier  
  45  14:58  Carrier  
  35  15:14  Probe (Chrono Boost)  
  38  15:15  Probe x2 (Chrono Boost)  
  38  15:27  Probe (Chrono Boost)  
  39  15:29  Pylon  
  39  15:31  Pylon  
  39  15:35  Pylon  
  38  15:42  Unknown  
  38  15:52  Observer  
Show
View Real Time Build Order
Export as new Build Order

Argons Zerg - Winner!

Build Orders: Hatch First, Muta Ling Bane 

Get SALT Encoding   

  12  0:03  Drone  
  13  0:12  Overlord  
  13  0:19  Drone  
  14  0:43  Unknown, Hatchery  
  14  0:45  Drone  
  14  0:50  Drone  
  14  0:54  Drone  
  16  0:59  Extractor  
  16  1:01  Drone  
  16  1:15  Spawning Pool  
  15  1:19  Drone  
  15  1:24  Drone  
  17  1:29  Drone  
  18  1:39  Drone  
  19  1:51  Overlord  
  19  1:54  Unknown  
  19  1:56  Drone  
  20  2:03  Queen  
  20  2:04  Drone  
  20  2:07  Drone  
  24  2:11  Queen  
  24  2:15  Drone  
  27  2:20  Drone  
  28  2:23  Drone  
  28  2:27  Drone  
  30  2:38  Drone  
  33  2:44  Drone  
  33  2:46  Lair  
  32  2:54  Drone x2  
  32  2:57  Metabolic Boost  
  34  2:59  Drone  
  35  3:06  Overlord  
  35  3:21  Drone  
  35  3:24  Queen  
  38  3:32  Drone x3  
  38  3:34  Baneling Nest  
  40  3:38  Evolution Chamber  
  39  3:47  Evolution Chamber  
  38  3:49  Extractor  
  38  3:52  Drone x2  
  39  4:01  Overlord x3  
  39  4:17  Unknown, Hatchery  
  38  4:29  Drone x3  
  38  4:30  Drone x3  
  38  4:31  Drone  
  45  4:34  Zerg Melee Weapons Level 1, Zerg Missile Weapons Level 1  
  45  4:37  Zergling x2  
  45  4:38  Zergling x10  
  51  4:49  Extractor  
  51  4:52  Extractor  
  49  4:53  Drone  
  50  5:00  Drone  
  50  5:02  Drone x3  
  50  5:03  Drone x2  
  56  5:24  Spire  
  56  5:26  Infestation Pit, Drone x2  
  56  5:29  Unknown  
  56  5:31  Queen  
  58  5:45  Drone x2  
  58  5:46  Queen  
  62  5:51  Drone  
  63  5:58  Baneling  
  63  5:59  Baneling x11  
  63  6:05  Centrifical Hooks  
  63  6:10  Hive  
  63  6:32  Extractor, Drone  
  63  6:33  Drone x2  
  63  6:34  Extractor  
  63  6:36  Zerg Ground Armor Level 1  
  63  6:39  Zerg Flyer Weapons Level 1  
  64  6:41  Drone  
  64  6:42  Drone  
  66  6:47  Overlord x4  
  66  7:17  Mutalisk x5  
  77  7:22  Drone  
  77  7:23  Drone x4  
  77  7:28  Unknown, Hatchery  
  80  7:58  Extractor  
  79  8:00  Extractor  
  78  8:09  Mutalisk x3  
  78  8:10  Mutalisk x2  
  88  8:18  Drone x2  
  88  8:19  Drone x3  
  93  8:33  Zerg Flyer Armor Level 1  
  94  8:41  Corruptor x2  
  94  8:45  Overlord x4  
  93  9:04  Corruptor x4  
  93  9:07  Corruptor x5  
  77  10:27  Drone x4  
  81  10:31  Zerg Flyer Weapons Level 2  
  81  10:41  Drone  
  82  11:16  Corruptor x3  
  82  11:17  Corruptor x4  
  96  11:34  Unknown, Hatchery  
  95  11:49  Mutalisk x3  
  95  11:50  Mutalisk x2  
  95  11:53  Mutalisk x3  
  95  11:54  Mutalisk x5  
  107  11:55  Mutalisk x4  
  129  12:05  Drone  
  129  12:06  Extractor, Drone  
  130  12:11  Overlord x2  
  130  12:15  Overlord x4  
  130  12:45  Unknown  
  130  12:56  Extractor  
  129  13:03  Corruptor  
  129  13:04  Corruptor x5  
  121  13:20  Corruptor x2  
  121  13:21  Corruptor x6  
  82  14:17  Corruptor x3  
  82  14:18  Corruptor  
  75  15:09  Mutalisk  
  75  15:10  Mutalisk x4  
  85  15:28  Drone x2  
  85  15:29  Drone  
  85  15:34  Unknown, Hatchery  
  87  15:45  Unknown, Hatchery  
  86  16:35  Extractor  
  85  16:46  Unknown  
  85  16:56  Unknown  
  85  16:57  Extractor  
  85  16:59  Extractor, Queen  
  87  17:02  Drone x2  
  87  17:04  Drone  
  94  17:10  Mutalisk x5  
  94  17:11  Mutalisk x2  
Tags
 
Add a new tag
Caveats
  • Supply blocks, unpowered buildings, or Contaminate may cause inaccurate times.
  • Supply counts are checked every 10 seconds.